 Dungeon Sprint DCSS version 0.23.2-1-ga50397a6bc (webtiles) character file.

Game seed: 2292430180276785213

101 Kobolds4U the Conjurer (level 4, 0/24 HPs)
             Began as a Deep Elf Conjurer on Apr 24, 2019.
             Slain by Sigmund
             ... wielding a +4 scythe of flaming
              (9 damage)
             ... in the Dungeon (Sprint I: "Red Sonja").
             The game lasted 00:00:58 (170 turns).

Kobolds4U the Conjurer (Deep Elf Conjurer)           Turns: 170, Time: 00:00:58

Health: 0/24       AC:  2    Str:  5    XL:     4   Next: 48%
Magic:  10/14      EV: 15    Int: 21    God:
Gold:   54         SH:  0    Dex: 15    Spells: 15/16 levels left

rFire    . . .     SeeInvis .   f - +0 dagger
rCold    . . .     Gourm    .   (no shield)
rNeg     . . .     Faith    .   a - +0 robe
rPois    .         Spirit   .   (no helmet)
rElec    .         Reflect  .   (no cloak)
rCorr    .         Harm     .   (no gloves)
MR       .....     NoTele   +   (no boots)
Stlth    +++.......             (no amulet)
HPRegen  0.08/turn              (no ring)
MPRegen  0.14/turn              (no ring)

@: no status effects
A: no striking features
a: no special abilities


You were in the Dungeon.
You were not hungry.

You visited 1 branch You collected 54 gold pieces.

Inventory:

Hand Weapons
 f - a +0 dagger (weapon)
Armour
 a - a +0 robe (worn)
Wands
 b - a wand of polymorph (5)
Scrolls
 i - a scroll of blinking
Potions
 d - a potion of curing
 e - a potion of heal wounds
 g - 2 potions of magic
Comestibles
 c - a ration


   Skills:
 + Level 5.8 Dodging
 - Level 4.2 Stealth
 + Level 6.5 Spellcasting
 * Level 7.6 Conjurations


You had 15 spell levels left.
You knew the following spells:

 Your Spells              Type           Power        Failure   Level  Hunger
a - Magic Dart            Conj           ####         1%          1    None

Your spell library contained the following spells:

 Spells                   Type           Power        Failure   Level  Hunger
 Searing Ray              Conj           #####.       1%          2    None
 Iskenderun's Mystic Bla  Conj           #####...     4%          4    ###....
 Dazzling Spray           Conj/Hex       ###...       6%          3    #......
 Force Lance              Conj/Tloc      ###.....     19%         4    ###....
 Fulminant Prism          Conj/Hex       ###.......   19%         4    ###....


Dungeon Overview and Level Annotations

Branches:
Dungeon (1/1)

Altars:

Annotations:
D Sigmund


Message History

Aim: Sigmund, wielding a +4 scythe of flaming and wearing a +2 robe of magic resistance (heavily wounded)
The magic dart hits Sigmund.
Sigmund is severely wounded.
Sigmund closely misses you.
Casting: Magic Dart (safe; 1% risk of failure)
Confirm with . or Enter, or press ? or * to list all spells.
Aiming: Magic Dart (safe; 1% risk of failure)
Press: ? - help, Shift-Dir - straight line, f/p - Sigmund
Aim: Sigmund, wielding a +4 scythe of flaming and wearing a +2 robe of magic resistance (severely wounded)
The magic dart hits Sigmund.
Sigmund is severely wounded.
Casting: Magic Dart (safe; 1% risk of failure)
Confirm with . or Enter, or press ? or * to list all spells.
Aiming: Magic Dart (safe; 1% risk of failure)
Press: ? - help, Shift-Dir - straight line, f/p - Sigmund
Aim: Sigmund, wielding a +4 scythe of flaming and wearing a +2 robe of magic resistance (severely wounded)
The magic dart hits Sigmund.
Sigmund is almost dead.
Sigmund hits you with a +4 scythe of flaming!
You die...

#############
#<.#..)..#.@+
#..'[.#..'@.#
#..#####'####
#..# #..#
#..# ####
#..# #⌠⌠#
####


You could see Sigmund.

Vanquished Creatures
  An ogre (D)
  Ijyb (D)
2 creatures vanquished.

Notes
Turn   | Place    | Note
-------+----------+-------------------------------------------
     0 | D        | Kobolds4U the Deep Elf Conjurer began the quest for the
                  | Orb.
     0 | D        | Reached XP level 1. HP: 10/10 MP: 6/6
     1 | D        | Noticed Ijyb
    15 | D        | Killed Ijyb
    15 | D        | Reached skill level 5 in Conjurations
    15 | D        | Reached XP level 2. HP: 15/15 MP: 6/9
    34 | D        | Noticed an ogre
    40 | D        | Killed an ogre
    40 | D        | Reached skill level 5 in Dodging
    40 | D        | Reached skill level 7 in Conjurations
    40 | D        | Reached XP level 3. HP: 11/19 MP: 3/13
    40 | D        | Reached XP level 4. HP: 14/24 MP: 3/14
   163 | D        | Noticed Sigmund
   170 | D        | Slain by Sigmund

Skill      XL: |  1  2 |
---------------+-------+-----
Dodging        | 4 5 |  5.8
Stealth        | 4 |  4.2
Spellcasting   | 4 6 |  6.5
Conjurations   | 5 7 |  7.6

Action                   |  1- 3 |  4- 6 || total
-------------------------+-------+-------++-------
Melee: Unarmed           |    11 |       ||    11
       Dagger            |     1 |     1 ||     2
 Cast: Magic Dart        |     4 |     5 ||     9
  Use: Potion            |     2 |       ||     2
 Stab: Sleeping          |       |     1 ||     1
Dodge: Dodged            |     9 |     1 ||    10
